 Dungeon Crawl Stone Soup version 0.30-a0-137-gd8773701ce (webtiles) character file.

Game seed: 11153699581405268360

30 zishaf the Trooper (level 3, -4/61 HPs)
             Began as an Ogre Chaos Knight on Sept 22, 2022.
             Was a Plaything of Xom.
             Slain by a goblin
             ... wielding a +0 club
             ... led by Robin
              (5 damage)
             ... on level 2 of the Dungeon.
             The game lasted 00:02:23 (1031 turns).

zishaf the Trooper (Ogre Chaos Knight)              Turns: 1031, Time: 00:02:23

Health: -4/61      AC:  5    Str: 18    XL:     3   Next: 18%
Magic:  3/3        EV:  9    Int: 13    God:    Xom [....*.]
Gold:   66         SH:  0    Dex:  8    Spells: 2/2 levels left

rFire   . . .      SeeInvis .    a - +0 mace (chaos)
rCold   . . .      Faith    .    (no shield)
rNeg    . . .      Spirit   .    b - +2 robe
rPois   .          Reflect  .    (helmet restricted)
rElec   .          Harm     .    (no cloak)
rCorr   .          Rampage  .    (gloves unavailable)
Will    .....                    (boots unavailable)
Stlth   ..........               (no amulet)
HPRegen 0.20/turn                (no ring)
MPRegen 0.08/turn                (no ring)

@: berserking (expiring), very quick
A: large, unfitting armour, tough skin 1
a: Renounce Religion


You were on level 2 of the Dungeon.
You worshipped Xom.
You were a beloved toy of Xom.
You visited 1 branch of the dungeon, and saw 2 of its levels.

You collected 66 gold pieces.

Inventory:

Hand Weapons
 a - a +0 mace of chaos (weapon)
Armour
 b - a +2 robe (worn)
Potions
 d - 2 potions of flight
Miscellaneous
 c - a piece from Xom's chessboard (15/15) (quivered)


   Skills:
 + Level 4.8 Fighting
 + Level 3.3 Maces & Flails
 - Level 2.1 Dodging


You had 2 spell levels left.
You didn't know any spells.
Your spell library contained the following spells:

 Spells                   Type           Power      Damage    Failure   Level
 Beastly Appendage        Tmut           0%         N/A       30%         1
 Wereblood                Tmut           0%         N/A       43%         2
 Ignite Poison            Fire/Tmut/Pois 0%         N/A       67%         3
 Spider Form              Tmut/Pois      0%         N/A       67%         3
 Sticky Flame             Conj/Fire      0%         2d3       97%         4


Dungeon Overview and Level Annotations

Branches:
Dungeon (2/15)

Altars:

Annotations:
D:2 Robin


Innate Abilities, Weirdness & Mutations

You are too large for most types of armour.
You have tough skin. (AC +1)


Message History

A ball python comes into view.
Found a sapphire potion.
Found 2 scrolls labelled GAIHOTHRU HOVUCK.
You closely miss the ball python.
Your butterfly disappears in a burst of colours!
The ball python bites you.
* * * LOW HITPOINT WARNING * * *
The ball python bites you but does no damage.
You hit the ball python.
The ball python seems to slow down.
You freeze the ball python.
You kill the ball python!
Robin throws the goblin at you!
You barely miss the goblin.
The goblin shouts!
The goblin hits you but does no damage. The goblin closely misses you.
You closely miss the goblin. "Heh heh heh..."
You are confused.
You are now a beloved toy of Xom.
The goblin hits you but does no damage. The goblin hits you with a +0 club.
* * * LOW HITPOINT WARNING * * *
You're too confused to move!
Robin closely misses you. The goblin hits you but does no damage.
It was a potion of berserk rage.
A red film seems to cover your vision as you go berserk!
You feel yourself moving faster!
You feel mighty! Robin throws the goblin at you!
* * * LOW HITPOINT WARNING * * *
The goblin completely misses you.
You feel a strong urge to attack something.
Robin hits you with a +0 falchion.
* * * LOW HITPOINT WARNING * * *
You are too berserk!
You feel your anger nearly subside.
You feel less confused. Robin throws the goblin at you!
The goblin hits you but does no damage.
You see here a ball python corpse.
You barely miss the goblin. Robin closely misses you.
The goblin hits you with a +0 club.
You die...

.# ?# #.# #.#
######/#
#......######
+.!g.........
#...@..# ####
#....g.#. ...
######.#.. #.#
#[#.#######.# #
#.#........)##.#
#...b.......)).#
###.....g####.!#
#..b...# ..#
#..g...##+##.#


You could see Robin (agile) and a goblin (strong).

Vanquished Creatures
  A dart slug (D:1)
  2 bats (D:1)
  A giant cockroach (D:1)
  4 hobgoblins (D:1)
  A quokka (D:1)
  3 ball pythons
  2 frilled lizards (D:1)
  8 goblins
  3 rats (D:1)
25 creatures vanquished.

Vanquished Creatures (others)
  A goblin zombie (D:2)
1 creature vanquished.

Grand Total: 26 creatures vanquished

Notes
Turn   | Place    | Note
-------+----------+-------------------------------------------
     0 | D:1      | zishaf the Ogre Chaos Knight began the quest for the Orb.
     0 | D:1      | Reached XP level 1. HP: 24/24 MP: 1/1
    88 | D:1      | Reached XP level 2. HP: 27/33 MP: 2/2
   169 | D:1      | XOM: divination: magic mapping
   668 | D:1      | XOM: cloud trail
   823 | D:1      | Found a faded altar of an unknown god.
   994 | D:2      | Noticed Robin
   998 | D:2      | Reached XP level 3. HP: 40/40 MP: 3/3
  1018 | D:2      | XOM: 4-stop teleportation journey
  1024 | D:2      | XOM: confusion
  1027 | D:2      | HP: 2/61 [Robin/goblin (3)]
  1031 | D:2      | Slain by a goblin

Illustrated notes

Levels and vault maps discovered:
D:1:      amcnicky_arrival_flooded_fountain, layout_loops_cross,
          dreamdust_ecumenical_altar_grove, serial_forest,
          infiniplex_forest_clump_C, infiniplex_forest_lined_3,
          infiniplex_forest_lined_3_way, infiniplex_forest_diagonal,
          infiniplex_forest_clump_long, infiniplex_forest_straight_2,
          infiniplex_forest_straight_5, infiniplex_forest_fountain
D:2:      layout_basic, minmay_stone_trees_small, minmay_tripent, uniq_robin

Skill      XL: |  1  2 |
---------------+-------+-----
Maces & Flails | 3 |  3.3
Fighting       | |  4.8
Dodging        | |  2.1

Action                   || total
-------------------------++-------
Melee: Mace              ||    61
       Punch             ||     1
  Use: Scroll            ||     6
       Potion            ||     1
Armor: Robe              ||    39
Dodge: Dodged            ||    33

Table legend: (Time is in decaauts)
 A = Elapsed time spent in this place.
 B = Non-inter-level travel time spent in this place.
 C = Inter-level travel time spent in this place.
 D = Time resting spent in this place.
 E = Time spent auto-exploring this place.
 F = Levels seen in this place.
 G = Mean time per level.
                   A        B        C        D        E       F      G
               +--------+--------+--------+--------+--------+-----+--------+
         Total |   1044 |   1010 |     34 |    181 |    639 |   2 |  522.0 |
       Dungeon |   1044 |   1010 |     34 |    181 |    639 |   2 |  522.0 |
               +--------+--------+--------+--------+--------+-----+--------+

Top non-repeatable levels by time:
     D:1: 990 daAuts
     D:2: 54 daAuts
